 Dungeon Crawl Stone Soup version 0.20.1-1-g8b1a95d (webtiles) character file.

56 darkhara the Firebug (level 3, -1/26 HPs)
             Began as a Draconian Fire Elementalist on Sept 7, 2017.
             Killed from afar by vatarom's ghost (8 damage)
             ... with a puff of flame
             ... on level 4 of the Dungeon.
             The game lasted 00:11:12 (1907 turns).

darkhara the Firebug (Draconian Fire Elementalist)  Turns: 1907, Time: 00:11:13

Health: -1/26      AC:  6    Str: 10    XL:     3   Next: 69%
Magic:  0/6        EV: 12    Int: 16    God:
Gold:   15         SH:  0    Dex: 11    Spells: 4/7 levels left

rFire    . . .     SeeInvis .   d - +2 hand axe (chop)
rCold    . . .     Gourm    .   (no shield)
rNeg     . . .     Faith    .   (armour unavailable)
rPois    .         Spirit   .   (helmet restricted)
rElec    .         Reflect  .   (no cloak)
rCorr    .         Harm     .   q - +0 pair of gloves
MR       +....                  (no boots)
Stlth    ++........             (no amulet)
Regen    0.1/turn               i - ring of protection from magic
MPRegen  0.1/turn               (no ring)

@: no status effects
A: unfitting armour, talons 1, mutation resistance 1, cold-blooded, AC +5
a: no special abilities


You were on level 4 of the Dungeon.
You were not hungry.

You visited 1 branch of the dungeon, and saw 4 of its levels.

You collected 15 gold pieces.

Inventory:

Hand Weapons
 b - a +0 war axe
 d - a +2 hand axe of chopping (weapon)
Armour
 g - a cursed +1 helmet
 j - a +0 robe
 q - a +0 pair of gloves (worn)
Jewellery
 i - a ring of protection from magic (left hand)
Scrolls
 c - 5 scrolls of identify
 f - a scroll of teleportation
 l - a scroll of noise
 p - a scroll of random uselessness
Books
 a - a book of Flames

   Spells                             Type                      Level
   a - Flame Tongue                   Conjuration/Fire             1
   b - Throw Flame                    Conjuration/Fire             2
   c - Conjure Flame                  Conjuration/Fire             3
   d - Inner Flame                    Hexes/Fire                   3
   e - Sticky Flame                   Conjuration/Fire             4
   f - Fireball                       Conjuration/Fire             5
 m - a book of Cantrips

   Spells                             Type                      Level
   a - Confusing Touch                Hexes                        1
   b - Animate Skeleton               Necromancy                   1
   c - Summon Small Mammal            Summoning                    1
   d - Apportation                    Translocation                1
Comestibles
 h - 2 bread rations
 k - 3 royal jellies
 n - a fruit
 o - 2 meat rations


   Skills:
 + Level 2.1 Dodging
 + Level 1.9 Stealth
 + Level 2.5 Spellcasting
 + Level 1.4 Conjurations
 + Level 3.8 Fire Magic


You had 4 spell levels left.
You knew the following spells:

 Your Spells              Type           Power        Failure   Level  Hunger
a - Flame Tongue          Conj/Fire      ##...        7%          1    #......
c - Throw Flame           Conj/Fire      ##....       10%         2    ##.....


Dungeon Overview and Level Annotations

Branches:
Dungeon (4/15)
 Temple: D:4-7

Altars:
Okawaru

Annotations:
D:3 Zedayar's ghost, amateur TrFi
D:4 vatarom's ghost, novice DEFE


Innate Abilities, Weirdness & Mutations

Your plain brown scales are hard. (AC +5)
You cannot fit into any form of body armour.
You are cold-blooded and may be slowed by cold attacks.
You have sharp toenails.
You are somewhat resistant to further mutation.


Message History

A ball python comes into view.
The ball python hisses angrily.
The adder zombie completely misses you. The adder zombie closely misses you.
Found a fruit.
Casting: Throw Flame
Confirm with . or Enter, or press ? or * to list all spells.
Aiming: Throw Flame
Press: ? - help, Shift-Dir - straight line, f/p - adder zombie
Aim: an adder zombie (heavily damaged)
The puff of flame hits the adder zombie.
The adder zombie is severely damaged.
The adder zombie bites you.
* * * LOW HITPOINT WARNING * * *
Vatarom's ghost (novice Deep Elf Fire Elementalist) comes into view.
It is wielding a weapon of venom.
Vatarom's ghost turns its malevolent gaze towards you.
The adder zombie misses you.
Vatarom's ghost gestures at you while chanting.
The puff of flame hits you!
You die...

#########
###.......#
..........#
.W........###
!...........#
............#
..........#
.......@S.#
........Z.#
..........#
.........%#####
#.##...........#.
#.####...........
#.$#####.........
##...............
.......##.#......


You could see vatarom's ghost, an adder zombie and a ball python.

Vanquished Creatures
  2 adders
  An ooze (D:1)
  A worm (D:2)
  A dart slug (D:2)
  A leopard gecko (D:2)
  An orc (D:3)
  2 giant cockroaches
  4 goblins
  6 hobgoblins
  A ball python (D:3)
  3 bats
  A frilled lizard (D:2)
  A rat (D:1)
25 creatures vanquished.

Notes
Turn   | Place    | Note
-------+----------+-------------------------------------------
     0 | D:1      | darkhara the Draconian Fire Elementalist began the quest for the Orb.
     0 | D:1      | Reached XP level 1. HP: 14/14 MP: 3/3
   165 | D:1      | Gained mutation: You have sharp toenails. [potion of mutation]
   165 | D:1      | Gained mutation: You are somewhat resistant to further mutation. [potion of mutation]
   210 | D:1      | Reached XP level 2. HP: 17/20 MP: 1/5
   920 | D:2      | Learned a level 1 spell: Summon Small Mammal
   923 | D:2      | Learned a level 2 spell: Throw Flame
  1042 | D:2      | Reached XP level 3. HP: 13/26 MP: 0/6
  1678 | D:3      | Found an iron altar of Okawaru.
  1877 | D:3      | Noticed Zedayar's ghost (amateur TrFi)
  1907 | D:4      | Noticed vatarom's ghost (novice DEFE)
  1907 | D:4      | Killed from afar by vatarom's ghost

Skill      XL: |  1  2 |
---------------+-------+-----
Dodging        | 2 |  2.1
Stealth        | |  1.9
Spellcasting   | |  2.5
Conjurations   | |  1.4
Fire Magic     | |  3.8

Action                   || total
-------------------------++-------
Melee: Hand axe          ||    20
       Tailslap          ||     5
       Dagger            ||    22
       Kick              ||     9
 Cast: Flame Tongue      ||    23
       Throw Flame       ||    22
  Use: Scroll            ||    10
       Potion            ||     2
  Eat: Bread ration      ||     1
Armor: Skin              ||    24
Dodge: Dodged            ||    60
